AoeStats
← LMC | CacheteFeroz

Arabia

504044659Analyzed
1v1 RM · 29d ago on Sep 3, 2026· 57m 27s· 2 players
Game mode
Random Map
Map size
Tiny (2 player)
Population
200
Speed
Normal
Resources
Standard
Victory
Conquest
Starting age
Dark Age
Ending age
Imperial Age
RankedLock teamsTeams togetherTeam positionsShared explorationLock speedFull tech treeHidden civsTurbo modeCheats
Victory
Defeat
🇺🇾 Franks · Uruguay
988
+16
🇦🇷 Mongols · Argentina
992
-16
LMC | CacheteFeroz
6:42 Loom
9:54 Feudal Age
11:01 Double-Bit Axe
19:20 Wheelbarrow
22:55 Castle Age
21:11 Gold Mining
22:34 Scale Barding Armor
22:41 Forging
24:26 Bow Saw
25:58 Chain Barding Armor
32:15 Iron Casting
34:38 Fletching
35:34 Bodkin Arrow
39:08 Husbandry
43:20 Imperial Age
43:23 Pikeman
44:04 Squires
44:08 Scale Mail Armor
45:41 Halberdier
46:59 Plate Barding Armor
48:02 Blast Furnace
47:28 Conscription
46:33 Cavalier
49:03 Ballistics
49:44 Chemistry
49:08 Ballistics
49:07 Masonry
52:59 Architecture
53:07 Chain Mail Armor
52:21 Paladin
55:45 Plate Mail Armor
ElAguuz
6:31 Loom
8:38 Feudal Age
10:39 Double-Bit Axe
17:48 Wheelbarrow
18:30 Town Watch
22:29 Castle Age
20:44 Bloodlines
20:46 Forging
20:41 Scale Barding Armor
23:40 Chain Barding Armor
23:15 Gold Mining
23:42 Horse Collar
24:20 Bow Saw
26:18 Iron Casting
28:32 Heavy Plow
36:44 Gold Shaft Mining
38:14 Fletching
38:24 Padded Archer Armor
39:52 Ballistics
39:28 Murder Holes
39:31 Bodkin Arrow
39:51 Leather Archer Armor
42:17 Imperial Age
43:00 Heavy Camel Rider
47:02 Bracer
49:13 Chemistry
48:20 Siege Engineers
50:55 Blast Furnace
53:07 Husbandry
54:45 Thumb Ring
Connection lost

Rejoining the realm…

Still unreachable

The connection could not be restored.

Session expired

The server has moved on; the page needs a fresh start.